EVO
UCLA BRUINS @ STANFORD UNIVERSITY CARDINAL
11/28/2045
 
TOP OF THE 1ST
UCLA Bruins batting - Pitching for Stanford University Cardinal : RHP Jasper Schrijver
Pitching: RHP Jasper Schrijver
Batting: RHB Raul Gomez 0-0: Called Strike
0-1: Ball
1-1: Ground out 5-3 (Groundball, 56S, EV 68.8 MPH)
Batting: RHB Jack Stadner 0-0: Fly out, F8 (Line Drive, 8RD, EV 98.8 MPH)
Batting: LHB Xue-liang Zhou 0-0: Ball
1-0: Ball
2-0: Ground out U3 (Groundball, 3, EV 98.8 MPH)
Top of the 1st over - 0 runs, 0 hits, 0 errors, 0 left on base; UCLA 0 - Stanford University 0
BOTTOM OF THE 1ST
Stanford University Cardinal batting - Pitching for UCLA Bruins : LHP Artemio Millares
Pitching: LHP Artemio Millares
Batting: RHB Antonio Honorato 0-0: Ball
1-0: Ball
2-0: Fly out, F8 (Line Drive, 8RM, EV 95.6 MPH)
Batting: RHB Alejandro Gomez 0-0: Foul Ball, location: 2F
0-1: Swinging Strike
0-2: Fly out, F9 (Flyball, 9S, EV 90.0 MPH)
Batting: RHB Tim Dower 0-0: Hit by Pitch
Batting: RHB Jorge Lagunas 0-0: Foul Ball, location: 2F
0-1: Foul Ball, location: 2F
0-2: Ball
1-2: Ball
2-2: Ball
3-2: Foul Ball, location: 2F
3-2: Fly out, F8 (Flyball, 8RM, EV 85.0 MPH)
Bottom of the 1st over - 0 runs, 0 hits, 0 errors, 1 left on base; UCLA 0 - Stanford University 0
TOP OF THE 2ND
UCLA Bruins batting - Pitching for Stanford University Cardinal : RHP Jasper Schrijver
Batting: RHB Amir Christy 0-0: Ball
1-0: Called Strike
1-1: Foul Ball, location: 2F
1-2: Ball
2-2: Fly out, F9 (Line Drive, 9S, EV 92.5 MPH)
Batting: LHB Alex Larangho 0-0: Called Strike
0-1: Ground out 3-1 (Groundball, 34D, EV 103.8 MPH)
Batting: RHB Manny Olave 0-0: Called Strike
0-1: Fly out, F8 (Flyball, 8LD, EV 101.9 MPH)
Top of the 2nd over - 0 runs, 0 hits, 0 errors, 0 left on base; UCLA 0 - Stanford University 0
BOTTOM OF THE 2ND
Stanford University Cardinal batting - Pitching for UCLA Bruins : LHP Artemio Millares
Batting: LHB Oscar Tamayo 0-0: Called Strike
0-1: Foul Ball, location: 2F
0-2: Ground out 4-3 (Groundball, 4M, EV 106.2 MPH)
Batting: SHB Rich Hood 0-0: Ball
1-0: Ball
2-0: Foul Ball, location: 2F
2-1: Foul Ball, location: 2F
2-2: Ball
3-2: Ground out U3 (Groundball, 34S, EV 80.0 MPH)
Batting: LHB Carlos Palau 0-0: Ball
1-0: Ground out 4-3 (Groundball, 34, EV 88.1 MPH)
Bottom of the 2nd over - 0 runs, 0 hits, 0 errors, 0 left on base; UCLA 0 - Stanford University 0
TOP OF THE 3RD
UCLA Bruins batting - Pitching for Stanford University Cardinal : RHP Jasper Schrijver
Batting: RHB Ricky Alvarado 0-0: Fly out, F9 (Line Drive, 9, EV 102.5 MPH)
Batting: RHB John Ricketts 0-0: Foul Ball, location: 2F
0-1: Called Strike
0-2: Ball
1-2: Ball
2-2: Ball
3-2: SINGLE (Groundball, 6M, EV 101.9 MPH) (infield hit)
Batting: RHB Oscar Ferrer 0-0: Ball
1-0: Foul Ball, location: 2F
1-1: Called Strike
1-2: Ball
2-2: Fly out, F8 (Flyball, 8LM, EV 88.8 MPH)
Batting: RHB Raul Gomez 0-0: Called Strike
0-1: Fly out, F8 (Flyball, 8LD, EV 100.0 MPH)
Top of the 3rd over - 0 runs, 1 hit, 0 errors, 1 left on base; UCLA 0 - Stanford University 0
BOTTOM OF THE 3RD
Stanford University Cardinal batting - Pitching for UCLA Bruins : LHP Artemio Millares
Batting: RHB Troy Morin 0-0: Ball
1-0: Bunt for hit to 15S - play at first, batter OUT! 1-3
Batting: RHB Eddie Luna 0-0: Fly out, F8 (Line Drive, 8RM, EV 96.9 MPH)
Batting: RHB Antonio Honorato 0-0: Foul Ball, location: 2F
0-1: Ball
1-1: Ball
2-1: Foul Ball, location: 2F
2-2: Ball
3-2: SINGLE (Groundball, 6D, EV 96.2 MPH)
Batting: RHB Alejandro Gomez 0-0: Called Strike
0-1: Ball
Antonio Honorato steals 2nd base
1-1: Ground out 5-3 (Groundball, 56, EV 78.8 MPH)
Bottom of the 3rd over - 0 runs, 1 hit, 0 errors, 1 left on base; UCLA 0 - Stanford University 0
TOP OF THE 4TH
UCLA Bruins batting - Pitching for Stanford University Cardinal : RHP Jasper Schrijver
Batting: RHB Jack Stadner 0-0: Ball
1-0: Ball
2-0: Foul Ball, location: 2F
2-1: Foul Ball, location: 2F
2-2: SINGLE (Groundball, 34D, EV 98.8 MPH)
Batting: LHB Xue-liang Zhou 0-0: Swinging Strike
0-1: Foul Ball, location: 2F
0-2: Fly out, F8 (Flyball, 78D, EV 93.1 MPH)
Batting: RHB Amir Christy 0-0: Ball
1-0: Called Strike
1-1: Foul Ball, location: 2F
1-2: Foul Ball, location: 2F
1-2: Ball
2-2: Foul Ball, location: 2F
2-2: SINGLE (Groundball, 34D, EV 100.0 MPH)
Jack Stadner to second
Runner from 2nd tries for 3rd, SAFE, no throw by RF
Batting: LHB Alex Larangho 0-0: Foul Ball, location: 2F
0-1: Ball
1-1: Grounds into double play, 6-4-3 (Groundball, 6, EV 85.0 MPH)
Top of the 4th over - 0 runs, 2 hits, 0 errors, 1 left on base; UCLA 0 - Stanford University 0
BOTTOM OF THE 4TH
Stanford University Cardinal batting - Pitching for UCLA Bruins : LHP Artemio Millares
Batting: RHB Tim Dower 0-0: Ball
1-0: Ground out 5-3 (Groundball, 5L, EV 85.0 MPH)
Batting: RHB Jorge Lagunas 0-0: Fly out, F8 (Flyball, 8RM, EV 78.1 MPH)
Batting: LHB Oscar Tamayo 0-0: Called Strike
0-1: Ball
1-1: Foul Ball, location: 2F
1-2: Ball
2-2: Fly out, F9 (Flyball, 89M, EV 90.0 MPH)
Bottom of the 4th over - 0 runs, 0 hits, 0 errors, 0 left on base; UCLA 0 - Stanford University 0
TOP OF THE 5TH
UCLA Bruins batting - Pitching for Stanford University Cardinal : RHP Jasper Schrijver
Batting: RHB Manny Olave 0-0: Swinging Strike
0-1: Foul Ball, location: 2F
0-2: Ball
1-2: Fly out, F8 (Flyball, 8LS, EV 91.9 MPH)
Batting: RHB Ricky Alvarado 0-0: SINGLE (Groundball, 3D, EV 95.0 MPH)
Batting: RHB John Ricketts 0-0: Ball
1-0: Ball
2-0: Foul Ball, location: 2F
2-1: Foul Ball, location: 2F
2-2: Foul Ball, location: 2F
2-2: Grounds into double play, U6-3 (Groundball, 4MS, EV 83.8 MPH)
Top of the 5th over - 0 runs, 1 hit, 0 errors, 0 left on base; UCLA 0 - Stanford University 0
BOTTOM OF THE 5TH
Stanford University Cardinal batting - Pitching for UCLA Bruins : LHP Artemio Millares
Batting: SHB Rich Hood 0-0: Ball
1-0: Ball
2-0: Ball
3-0: Base on Balls
Batting: LHB Carlos Palau 0-0: Fly out, F8 (Flyball, 89M, EV 78.8 MPH)
Batting: RHB Troy Morin 0-0: Called Strike
0-1: Called Strike
0-2: Strikes out swinging
Batting: RHB Eddie Luna 0-0: Called Strike
0-1: Ball
1-1: Swinging Strike
1-2: Hit by Pitch
Rich Hood to second
Batting: RHB Antonio Honorato 0-0: Ball
1-0: Ball
2-0: Called Strike
2-1: Called Strike
2-2: Ground out 4-3 (Groundball, 4, EV 101.9 MPH)
Bottom of the 5th over - 0 runs, 0 hits, 0 errors, 2 left on base; UCLA 0 - Stanford University 0
TOP OF THE 6TH
UCLA Bruins batting - Pitching for Stanford University Cardinal : RHP Jasper Schrijver
Batting: RHB Oscar Ferrer 0-0: Called Strike
0-1: Foul Ball, location: 2F
0-2: Foul Ball, location: 2F
0-2: Ball
1-2: SINGLE (Groundball, 34D, EV 107.5 MPH)
Batting: RHB Raul Gomez 0-0: Sac Bunt to 2R - play at first, batter OUT! 2-3
Oscar Ferrer to second
Batting: RHB Jack Stadner 0-0: Called Strike
0-1: Ball
1-1: Ball
2-1: Fly out, F8 (Flyball, 8RD, EV 85.0 MPH)
Batting: LHB Xue-liang Zhou 0-0: Called Strike
0-1: Ball
1-1: Foul Ball, location: 2F
1-2: Ball
2-2: Ground out 4-3 (Groundball, 4, EV 90.6 MPH)
Top of the 6th over - 0 runs, 1 hit, 0 errors, 1 left on base; UCLA 0 - Stanford University 0
BOTTOM OF THE 6TH
Stanford University Cardinal batting - Pitching for UCLA Bruins : LHP Artemio Millares
Pitching: RHP Gerardo Diaz
Batting: RHB Alejandro Gomez 0-0: Called Strike
0-1: Ball
1-1: Ball
2-1: Ball
3-1: Called Strike
3-2: Strikes out swinging
Batting: RHB Tim Dower 0-0: DOUBLE (Flyball, 8RXD, EV 90.6 MPH)
Batting: RHB Jorge Lagunas 0-0: Called Strike
0-1: Swinging Strike
0-2: Ball
1-2: DOUBLE (Flyball, 8LXD, EV 93.8 MPH)
Tim Dower scores
Batting: LHB Oscar Tamayo 0-0: Ball
1-0: Foul Ball, location: 2F
1-1: Swinging Strike
1-2: Fly out, F8 (Line Drive, 8LM, EV 90.6 MPH)
Batting: SHB Rich Hood 0-0: Ball
1-0: Called Strike
1-1: Called Strike
1-2: Ball
2-2: Ball
3-2: Foul Ball, location: 2F
3-2: Foul Ball, location: 2F
3-2: Strikes out swinging
Bottom of the 6th over - 1 run, 2 hits, 0 errors, 1 left on base; UCLA 0 - Stanford University 1
TOP OF THE 7TH
UCLA Bruins batting - Pitching for Stanford University Cardinal : RHP Jasper Schrijver
Pitching: RHP Josh Loney
Batting: RHB Amir Christy 0-0: Ball
1-0: Ball
2-0: Ball
3-0: Base on Balls
Batting: LHB Alex Larangho 0-0: Called Strike
0-1: Ball
1-1: Ball
2-1: Foul Ball, location: 2F
2-2: Foul Ball, location: 2F
2-2: Ball
3-2: SINGLE (Groundball, 3D, EV 105.0 MPH)
Amir Christy to second
Runner from 2nd tries for 3rd, SAFE, no throw by RF
Batting: RHB Manny Olave 0-0: Foul Ball, location: 2F
0-1: Swinging Strike
0-2: Foul Ball, location: 2F
0-2: Strikes out swinging
Batting: RHB Ricky Alvarado 0-0: Fly out, F3 (Popup, 23F, EV 85.0 MPH)
Batting: RHB John Ricketts 0-0: Ball
1-0: Called Strike
1-1: Ball
2-1: Fielders Choice at 2nd, 5-4 (Groundball, 56, EV 78.1 MPH)
Top of the 7th over - 0 runs, 1 hit, 0 errors, 2 left on base; UCLA 0 - Stanford University 1
BOTTOM OF THE 7TH
Stanford University Cardinal batting - Pitching for UCLA Bruins : RHP Gerardo Diaz
Pitching: LHP Keith O'Brien
Batting: LHB Carlos Palau 0-0: Ball
1-0: Called Strike
1-1: Ball
2-1: Swinging Strike
2-2: Ball
3-2: DOUBLE (Line Drive, 78D, EV 96.2 MPH)
Batting: RHB Troy Morin 0-0: Called Strike
0-1: Called Strike
0-2: Ball
1-2: Strikes out looking
Batting: RHB Eddie Luna 0-0: Ball
1-0: Ball
2-0: Ball
3-0: Base on Balls
Batting: RHB Antonio Honorato 0-0: Called Strike
0-1: Swinging Strike
0-2: Strikes out swinging
Batting: RHB Alejandro Gomez 0-0: Fly out, F8 (Line Drive, 8RD, EV 91.2 MPH)
Bottom of the 7th over - 0 runs, 1 hit, 0 errors, 2 left on base; UCLA 0 - Stanford University 1
TOP OF THE 8TH
UCLA Bruins batting - Pitching for Stanford University Cardinal : RHP Josh Loney
Pitching: RHP Dave Gomez
Pinch Hitting: RHB Lorenzo Diaz 0-0: Swinging Strike
0-1: Called Strike
0-2: Fly out, F9 (Flyball, 9, EV 93.1 MPH)
Batting: RHB Raul Gomez 0-0: Ball
1-0: Called Strike
1-1: Ball
2-1: Fly out, F4 (Line Drive, 4, EV 66.2 MPH)
Pinch Hitting: RHB Ken Stair 0-0: Called Strike
0-1: Called Strike
0-2: Foul Ball, location: 2F
0-2: Ball
1-2: Ball
2-2: Fly out, F9 (Flyball, BS7, EV 88.1 MPH)
Top of the 8th over - 0 runs, 0 hits, 0 errors, 0 left on base; UCLA 0 - Stanford University 1
BOTTOM OF THE 8TH
Stanford University Cardinal batting - Pitching for UCLA Bruins : LHP Keith O'Brien
Pitching: LHP Dave Maldonado
Now at 2B: Lorenzo Diaz
Now in CF: Isaiah Hampton
Now in RF: Manny Olave
Batting: RHB Tim Dower 0-0: Fly out, F8 (Flyball, 8LS, EV 90.6 MPH)
Batting: RHB Jorge Lagunas 0-0: Ball
1-0: Ground out 5-3 (Groundball, 5L, EV 98.1 MPH)
Batting: LHB Oscar Tamayo 0-0: Called Strike
0-1: Ball
1-1: Ball
2-1: Ball
3-1: Fly out, F8 (Flyball, 89XD, EV 104.4 MPH)
Bottom of the 8th over - 0 runs, 0 hits, 0 errors, 0 left on base; UCLA 0 - Stanford University 1
TOP OF THE 9TH
UCLA Bruins batting - Pitching for Stanford University Cardinal : RHP Dave Gomez
Pitching: RHP Brian Hunt
Now at 3B: Oscar Tamayo
Now in RF: Yok-sing Zhào
Batting: LHB Xue-liang Zhou 0-0: Ball
1-0: Ball
2-0: Ball
3-0: Called Strike
3-1: Swinging Strike
3-2: SINGLE (Line Drive, 8RS, EV 95.0 MPH)
Batting: RHB Amir Christy 0-0: Called Strike
0-1: Ball
1-1: Ball
2-1: SINGLE (Groundball, 6D, EV 105.0 MPH)
Xue-liang Zhou to second
Batting: LHB Alex Larangho 0-0: Called Strike
0-1: Foul Ball, location: 2F
0-2: Fly out, F7 (Flyball, 7D, EV 104.4 MPH)
Batting: RHB Manny Olave 0-0: SINGLE (Line Drive, 4M, EV 103.8 MPH)
Xue-liang Zhou to third
Amir Christy to second
Runner from 3rd tries for Home, SAFE, throw by CF to home
Batting: RHB Ricky Alvarado 0-0: Ball
1-0: Ball
2-0: Swinging Strike
2-1: Fly out, F7 (Flyball, 7, EV 85.0 MPH)
Batting: RHB John Ricketts 0-0: Ball
1-0: Ball
2-0: Ball
3-0: Base on Balls
Amir Christy to third
Manny Olave to second
Batting: RHB Lorenzo Diaz 0-0: Called Strike
0-1: Called Strike
0-2: Ball
1-2: Foul Ball, location: 2F
1-2: Foul Ball, location: 2F
1-2: Foul Ball, location: 2F
1-2: Ball
2-2: Fly out, F9 (Flyball, 9LM, EV 94.4 MPH)
Top of the 9th over - 1 run, 3 hits, 0 errors, 3 left on base; UCLA 1 - Stanford University 1
BOTTOM OF THE 9TH
Stanford University Cardinal batting - Pitching for UCLA Bruins : LHP Dave Maldonado
Batting: SHB Rich Hood 0-0: Called Strike
0-1: Ground out 4-3 (Groundball, 4M, EV 99.4 MPH)
Pinch Hitting: RHB Amare Brown 0-0: Ball
1-0: Ball
2-0: Called Strike
2-1: Swinging Strike
2-2: Ball
3-2: Fly out, F8 (Flyball, 89M, EV 88.8 MPH)
Batting: RHB Troy Morin 0-0: Ball
1-0: Foul Ball, location: 2F
1-1: Fly out, F8 (Flyball, 8RM, EV 73.8 MPH)
Bottom of the 9th over - 0 runs, 0 hits, 0 errors, 0 left on base; UCLA 1 - Stanford University 1
TOP OF THE 10TH
UCLA Bruins batting - Pitching for Stanford University Cardinal : RHP Brian Hunt
Pitching: RHP Victor Gonzalez
Now in LF: Aubrey Regimbald
Batting: RHB Raul Gomez 0-0: Foul Ball, location: 2F
0-1: Foul Ball, location: 2F
0-2: Ball
1-2: Ground out 5-3 (Groundball, 5, EV 88.1 MPH)
Batting: RHB Isaiah Hampton 0-0: Called Strike
0-1: Ball
1-1: Ball
2-1: Ground out 6-3 (Groundball, 6, EV 83.8 MPH)
Batting: LHB Xue-liang Zhou 0-0: Swinging Strike
0-1: Called Strike
0-2: Ball
1-2: Foul Ball, location: 2F
1-2: Foul Ball, location: 2F
1-2: Ball
2-2: SINGLE (Groundball, 25, EV 67.5 MPH) (infield hit)
Batting: RHB Amir Christy 0-0: Ball
1-0: Swinging Strike
1-1: Ground out 5-3 (Groundball, 15, EV 83.8 MPH)
Top of the 10th over - 0 runs, 1 hit, 0 errors, 1 left on base; UCLA 1 - Stanford University 1
BOTTOM OF THE 10TH
Stanford University Cardinal batting - Pitching for UCLA Bruins : LHP Dave Maldonado
Pitching: RHP Dave Williams
Batting: RHB Eddie Luna 0-0: Ball
1-0: Called Strike
1-1: Foul Ball, location: 2F
1-2: Strikes out swinging
Pinch Hitting: RHB Joselito Santos 0-0: Ground out 6-3 (Groundball, 6, EV 89.4 MPH)
Batting: RHB Alejandro Gomez 0-0: Ball
1-0: Ball
2-0: SINGLE (Groundball, 6, EV 95.6 MPH)
Batting: RHB Tim Dower 0-0: Ball
1-0: Ground out 4-3 (Groundball, 34, EV 83.8 MPH)
Bottom of the 10th over - 0 runs, 1 hit, 0 errors, 1 left on base; UCLA 1 - Stanford University 1
TOP OF THE 11TH
UCLA Bruins batting - Pitching for Stanford University Cardinal : RHP Victor Gonzalez
Now in RF: Roberto Marin
Batting: LHB Alex Larangho 0-0: Called Strike
0-1: Ball
1-1: Ball
2-1: Ball
3-1: Called Strike
3-2: Strikes out swinging
Batting: RHB Manny Olave 0-0: Ball
1-0: Ball
2-0: Ball
3-0: Called Strike
3-1: Called Strike
3-2: Base on Balls
Batting: RHB Ricky Alvarado 0-0: Foul Ball, location: 2F
0-1: Ball
1-1: Foul Ball, location: 2F
1-2: Foul Ball, location: 2F
1-2: Foul Ball, location: 2F
1-2: Ball
2-2: Ball
3-2: Fly out, F8 (Flyball, 8RD, EV 101.2 MPH)
Batting: RHB John Ricketts 0-0: Fielders Choice at 2nd, 5-4 (Groundball, 56, EV 86.2 MPH)
Top of the 11th over - 0 runs, 0 hits, 0 errors, 1 left on base; UCLA 1 - Stanford University 1
BOTTOM OF THE 11TH
Stanford University Cardinal batting - Pitching for UCLA Bruins : RHP Dave Williams
Batting: RHB Jorge Lagunas 0-0: Ball
1-0: Fly out, F8 (Flyball, 89M, EV 77.5 MPH)
Batting: LHB Oscar Tamayo 0-0: Called Strike
0-1: Ball
1-1: Called Strike
1-2: Ball
2-2: Strikes out swinging
Batting: SHB Rich Hood 0-0: Ball
1-0: Called Strike
1-1: Ball
2-1: Ball
3-1: Base on Balls
Batting: RHB Aubrey Regimbald 0-0: Swinging Strike
0-1: Swinging Strike
0-2: Ball
1-2: Strikes out swinging
Bottom of the 11th over - 0 runs, 0 hits, 0 errors, 1 left on base; UCLA 1 - Stanford University 1
TOP OF THE 12TH
UCLA Bruins batting - Pitching for Stanford University Cardinal : RHP Victor Gonzalez
Batting: RHB Lorenzo Diaz 0-0: Foul Ball, location: 2F
0-1: Ball
1-1: Foul Ball, location: 2F
1-2: Foul Ball, location: 2F
1-2: Fly out, F9 (Flyball, 89S, EV 81.2 MPH)
Pitching: LHP Chris Smith
Batting: RHB Raul Gomez 0-0: Swinging Strike
0-1: Swinging Strike
0-2: Ground out 5-3 (Groundball, 56, EV 98.8 MPH)
Batting: RHB Isaiah Hampton 0-0: Called Strike
0-1: Hit by Pitch
Batting: LHB Xue-liang Zhou 0-0: Ball
Isaiah Hampton is caught stealing 2nd base 2-6
Top of the 12th over - 0 runs, 0 hits, 0 errors, 0 left on base; UCLA 1 - Stanford University 1
BOTTOM OF THE 12TH
Stanford University Cardinal batting - Pitching for UCLA Bruins : RHP Dave Williams
Pitching: LHP Hiroshi Matsuda
Batting: RHB Troy Morin 0-0: Ball
1-0: Ground out 5-3 (Groundball, 56, EV 96.2 MPH)
Batting: RHB Eddie Luna 0-0: Ball
1-0: Ball
2-0: Called Strike
2-1: Foul Ball, location: 2F
2-2: Strikes out swinging
Batting: RHB Roberto Marin 0-0: Foul Ball, location: 2F
0-1: Ball
1-1: Ground out U3 (Groundball, 34, EV 78.1 MPH)
Bottom of the 12th over - 0 runs, 0 hits, 0 errors, 0 left on base; UCLA 1 - Stanford University 1
TOP OF THE 13TH
UCLA Bruins batting - Pitching for Stanford University Cardinal : LHP Chris Smith
Batting: LHB Xue-liang Zhou 0-0: Fly out, F9 (Flyball, 9S, EV 90.6 MPH)
Batting: RHB Amir Christy 0-0: Called Strike
0-1: Ball
1-1: Ball
2-1: Called Strike
2-2: Fly out, F9 (Flyball, 9S, EV 96.9 MPH)
Batting: LHB Alex Larangho 0-0: Ball
1-0: Fly out, F7 (Flyball, 7, EV 89.4 MPH)
Top of the 13th over - 0 runs, 0 hits, 0 errors, 0 left on base; UCLA 1 - Stanford University 1
BOTTOM OF THE 13TH
Stanford University Cardinal batting - Pitching for UCLA Bruins : LHP Hiroshi Matsuda
Pitching: RHP Justin Swanson
Batting: RHB Alejandro Gomez 0-0: Ball
1-0: Ball
2-0: SINGLE (Groundball, 6MD, EV 103.1 MPH)
Batting: RHB Tim Dower 0-0: Ball
1-0: Ball
2-0: Ball
3-0: Called Strike
3-1: Swinging Strike
3-2: Fly out, F9 (Line Drive, 89M, EV 91.2 MPH)
Batting: RHB Jorge Lagunas 0-0: Ball
1-0: Ball
2-0: Called Strike
2-1: DOUBLE (Flyball, 8LXD, EV 114.4 MPH)
Alejandro Gomez to third
Batting: LHB Oscar Tamayo 0-0: Intentional Walk
Batting: SHB Rich Hood 0-0: Foul Ball, location: 2F
0-1: Foul Ball, location: 2F
0-2: Ball
1-2: Strikes out swinging
Batting: RHB Aubrey Regimbald 0-0: Fly out, F9 (Line Drive, 89M, EV 108.1 MPH)
Bottom of the 13th over - 0 runs, 2 hits, 0 errors, 3 left on base; UCLA 1 - Stanford University 1
TOP OF THE 14TH
UCLA Bruins batting - Pitching for Stanford University Cardinal : LHP Chris Smith
Batting: RHB Manny Olave 0-0: Called Strike
0-1: Ball
1-1: Fly out, F9 (Flyball, 9, EV 81.2 MPH)
Batting: RHB Ricky Alvarado 0-0: Ground out 6-3 (Groundball, 6, EV 87.5 MPH)
Batting: RHB John Ricketts 0-0: Ball
1-0: Ground out 6-3 (Groundball, 6, EV 83.1 MPH)
Top of the 14th over - 0 runs, 0 hits, 0 errors, 0 left on base; UCLA 1 - Stanford University 1
BOTTOM OF THE 14TH
Stanford University Cardinal batting - Pitching for UCLA Bruins : RHP Justin Swanson
Pitching: LHP Marco Atilano
Batting: RHB Troy Morin 0-0: Called Strike
0-1: Foul Ball, location: 2F
0-2: Ball
1-2: Ball
2-2: Ball
3-2: Fly out, F8 (Line Drive, 8LD, EV 91.9 MPH)
Batting: RHB Eddie Luna 0-0: Foul Ball, location: 2F
0-1: SINGLE (Groundball, 56D, EV 101.2 MPH)
Batting: RHB Roberto Marin 0-0: Ball
1-0: Ball
2-0: Ball
3-0: Base on Balls
Eddie Luna to second
Batting: RHB Alejandro Gomez 0-0: Swinging Strike
0-1: Ball
1-1: Ball
2-1: Ball
3-1: Base on Balls
Eddie Luna to third
Roberto Marin to second
Batting: RHB Tim Dower 0-0: Ball
1-0: Foul Ball, location: 2F
1-1: Ball
2-1: Fly out, F9 (Flyball, 9LM, EV 94.4 MPH)
Runner from 3rd tags up, OUT at HOME! 9-2
Bottom of the 14th over - 0 runs, 1 hit, 0 errors, 2 left on base; UCLA 1 - Stanford University 1
TOP OF THE 15TH
UCLA Bruins batting - Pitching for Stanford University Cardinal : LHP Chris Smith
Batting: RHB Lorenzo Diaz 0-0: Ball
1-0: Foul Ball, location: 2F
1-1: Called Strike
1-2: DOUBLE (Line Drive, 7LM, EV 107.5 MPH)
Batting: RHB Raul Gomez 0-0: Intentional Walk
Pitching: RHP Jim Morse
Batting: RHB Isaiah Hampton 0-0: Fly out, F8 (Line Drive, 8RM, EV 103.1 MPH)
Batting: LHB Xue-liang Zhou 0-0: Called Strike
0-1: Foul Ball, location: 2F
0-2: 3-RUN HOME RUN (Flyball, 89XD, EV 113.1 MPH), Distance : 446 ft
Batting: RHB Amir Christy 0-0: Foul Ball, location: 2F
0-1: Swinging Strike
0-2: Strikes out swinging
Batting: LHB Alex Larangho 0-0: Called Strike
0-1: Swinging Strike
0-2: Ball
1-2: Ball
2-2: Ground out 5-3 (Groundball, 56, EV 85.0 MPH)
Top of the 15th over - 3 runs, 2 hits, 0 errors, 0 left on base; UCLA 4 - Stanford University 1
BOTTOM OF THE 15TH
Stanford University Cardinal batting - Pitching for UCLA Bruins : LHP Marco Atilano
Batting: RHB Jorge Lagunas 0-0: Called Strike
0-1: SINGLE (Flyball, 3D, EV 99.4 MPH)
Batting: LHB Oscar Tamayo 0-0: Ball
1-0: Ball
2-0: Foul Ball, location: 2F
2-1: Swinging Strike
2-2: Foul Ball, location: 2F
2-2: Fly out, F3 (Line Drive, 34, EV 68.1 MPH)
Pitching: LHP Danny Ayala
Batting: SHB Rich Hood 0-0: Ball
1-0: Grounds into double play, 4-6-3 (Groundball, 4M, EV 99.4 MPH)
Bottom of the 15th over - 0 runs, 1 hit, 0 errors, 0 left on base; UCLA 4 - Stanford University 1
Wednesday, June 22nd , 2022 - OOTP Baseball 23.4 Build 64